Map: Vaani Research Station (Void)

Players

WN1

  • Race: Terran Terran
  • League: Diamond
  • Spawn Location: 6:00

Gorod - Winner!

  • Race: Zerg Zerg
  • League: Diamond
  • Spawn Location: 12:00

VOD

Have the link to the VOD?

Description

Time

  • Played on: Dec. 20, 2016, 7:57 a.m.
  • Length: 11:21
Show
View Real Time Build Order
Export as new Build Order

WN1 Terran 

Build Orders: Hellion Opening, Reaper Expand 

Get SALT Encoding   

  12  0:00  SCV  
  13  0:13  SCV  
  14  0:18  Supply Depot  
  14  0:25  SCV  
  15  0:39  SCV  
  15  0:40  Barracks  
  16  0:44  Refinery  
  16  0:51  SCV  
  17  1:03  SCV  
  18  1:16  SCV  
  19  1:28  Orbital Command, Reaper  
  20  1:45  Command Center  
  20  1:54  SCV  
  20  1:58  Supply Depot  
  21  2:06  SCV  
  22  2:08  Factory  
  22  2:15  Refinery  
  22  2:18  SCV  
  22  2:22  Barracks Reactor  
  23  2:32  SCV  
  24  2:49  SCV  
  24  2:53  Factory  
  24  3:01  SCV  
  25  3:06  Orbital Command, Barracks Reactor  
  25  3:14  SCV, Hellion  
  25  3:15  Hellion  
  30  3:22  Supply Depot  
  30  3:26  SCV  
  31  3:31  SCV  
  32  3:36  Hellion x2  
  32  3:38  SCV  
  37  3:47  SCV  
  38  3:50  SCV  
  38  3:51  Hellion  
  38  3:52  Hellion  
  43  3:57  Hellion x2  
  43  3:59  SCV  
  43  4:02  SCV  
  49  4:08  Starport, Supply Depot  
  49  4:09  Barracks Reactor  
  49  4:13  Hellion  
  49  4:15  Hellion  
  53  4:22  SCV  
  54  4:24  Refinery  
  54  4:27  Armory  
  54  4:29  Hellion  
  54  4:30  SCV  
  57  4:33  Supply Depot  
  57  4:44  Cyclone  
  60  4:47  SCV  
  60  4:50  SCV  
  62  4:55  Cyclone, Supply Depot  
  62  4:59  Liberator  
  65  5:00  SCV, Supply Depot  
  65  5:02  SCV  
  65  5:05  Cyclone  
  70  5:16  Medivac  
  70  5:17  SCV  
  70  5:20  Supply Depot  
  70  5:36  Hellion x3  
  72  5:46  Hellion  
  72  5:47  SCV  
  72  5:48  SCV  
  69  5:58  Hellion  
  69  6:00  Liberator, Command Center  
  63  6:12  Cyclone  
  63  6:13  Hellion  
  63  6:15  Barracks Reactor  
  63  6:17  Factory x2  
  71  6:25  SCV  
  72  6:28  Refinery  
  72  6:29  Engineering Bay  
  72  6:32  Cyclone  
  75  6:35  SCV  
  75  6:37  SCV  
  77  6:47  SCV  
  77  6:49  SCV  
  79  6:59  SCV, Cyclone x2  
  79  7:00  Hellion x2  
  90  7:05  Factory, Hellion  
  90  7:07  Supply Depot  
  92  7:12  Orbital Command  
  92  7:14  SCV x2  
  94  7:27  Missile Turret  
  94  7:28  SCV x2  
  94  7:29  Liberator x2, Hellion x3  
  101  7:30  Hellion  
  101  7:43  Factory Tech Lab  
  95  7:48  Factory Reactor  
  95  7:50  SCV, Supply Depot  
  95  7:51  SCV x2  
  104  7:55  Refinery  
  104  7:56  Refinery  
  104  7:58  Sensor Tower  
  104  8:02  SCV  
  104  8:03  SCV x2  
  107  8:08  Missile Turret x3  
  107  8:17  SCV x3  
  110  8:25  Thor  
  116  8:27  Hellion x2  
  116  8:28  Hellion x3  
  116  8:29  SCV x2, Medivac  
  130  8:38  Liberator  
  128  8:41  Liberator  
  128  8:47  Supply Depot x2  
  122  8:49  Command Center  
  122  9:00  Starport  
  122  9:01  Hellion x2  
  132  9:02  Barracks Reactor  
  132  9:04  Infernal Pre-Igniter  
  132  9:08  Supply Depot  
  132  9:09  Terran Vehicle Weapons Level 1  
  132  9:11  Supply Depot  
  132  9:21  Liberator  
  132  9:29  Cyclone  
  132  9:30  Hellion x4  
  132  9:31  Hellion x3  
  149  9:35  Supply Depot  
  149  9:38  Liberator  
  151  9:53  Supply Depot  
  151  9:56  Factory  
  151  9:57  Cyclone  
  151  9:58  Barracks Reactor  
  151  9:59  Factory  
  131  10:27  Sensor Tower  
  113  10:36  Siege Tank  
  113  10:38  Hellion x5  
  113  10:39  Hellion  
  116  10:57  Hellion  
  116  10:58  Hellion  
Show
View Real Time Build Order
Export as new Build Order

Gorod Zerg - Winner!

Build Orders: Hatch First 

Get SALT Encoding   

  12  0:02  Drone  
  13  0:09  Drone  
  14  0:16  Extractor  
  14  0:17  Drone  
  15  0:46  Hatchery  
  14  0:52  Extractor  
  14  0:53  Drone  
  15  1:05  Spawning Pool  
  14  1:15  Extractor x2  
  14  1:17  Drone x2  
  14  1:22  Overlord  
  16  1:30  Extractor  
  16  1:42  Drone x2  
  18  1:50  Drone  
  18  1:53  Queen  
  21  1:58  Queen  
  23  2:03  Drone  
  23  2:05  Drone  
  25  2:11  Overlord  
  25  2:16  Drone  
  25  2:21  Drone  
  27  2:24  Drone  
  28  2:38  Drone  
  28  2:39  Queen, Drone  
  28  2:42  Queen  
  34  2:50  Drone  
  34  2:51  Drone  
  35  3:14  Overlord  
  35  3:15  Overlord  
  35  3:21  Drone  
  35  3:23  Extractor  
  35  3:26  Roach Warren  
  34  3:27  Drone x2  
  34  3:28  Extractor  
  34  3:29  Drone  
  36  3:34  Drone x5  
  41  3:52  Overlord  
  41  3:55  Drone x4  
  42  3:56  Drone x2  
  47  4:17  Drone x2  
  47  4:18  Drone  
  47  4:19  Roach x3  
  47  4:21  Hatchery, Roach  
  57  4:32  Evolution Chamber  
  57  4:34  Evolution Chamber  
  55  4:44  Roach x2  
  59  4:46  Overlord  
  59  4:47  Overlord  
  59  5:05  Roach  
  59  5:06  Roach x5  
  71  5:23  Roach x2  
  59  5:53  Queen x3  
  59  5:54  Zergling x2  
  59  5:55  Zergling x2  
  63  6:03  Metabolic Boost  
  59  6:14  Roach x3  
  59  6:15  Roach x5  
  59  6:16  Overlord  
  75  6:29  Lair  
  75  6:46  Overlord x2  
  75  6:52  Extractor  
  74  7:07  Roach x5  
  84  7:09  Drone x2  
  84  7:10  Drone, Extractor  
  84  7:12  Drone x3  
  84  7:14  Drone  
  84  7:15  Drone x7  
  96  7:34  Spore Crawler x2  
  96  7:36  Spore Crawler  
  90  7:42  Drone  
  90  7:43  Drone  
  91  7:44  Drone  
  91  7:45  Drone x3  
  95  7:53  Drone x7  
  95  7:56  Roach, Extractor  
  95  7:57  Roach, Extractor  
  104  8:08  Ravager  
  104  8:10  Zerg Ground Armor Level 1, Zerg Missile Weapons Level 1  
  105  8:13  Hatchery, Glial Reconstitution  
  105  8:14  Overlord x4  
  101  8:45  Drone x5  
  101  8:46  Drone  
  101  8:47  Drone x3  
  109  8:48  Drone  
  109  8:49  Drone x2  
  114  9:10  Roach x8  
  114  9:12  Ravager  
  114  9:14  Overlord x5  
  129  9:29  Ravager x6  
  135  9:52  Ravager x3  
  138  10:00  Overlord x5  
  138  10:01  Overlord, Extractor  
  138  10:05  Extractor  
  136  10:12  Roach  
  136  10:13  Roach x18  
  174  10:20  Zergling x4  
  168  10:30  Hatchery  
  164  10:44  Zergling x18  
  164  10:45  Zergling x8  
  164  10:46  Ravager  
  164  10:47  Ravager x11  
Tags
 
Add a new tag
Caveats
  • Supply blocks, unpowered buildings, or Contaminate may cause inaccurate times.
  • Supply counts are checked every 10 seconds.